AoeStats
← Erwin

Lombardia

509758541Analyzed
4v4 RM · 4d ago on Sep 27, 2026· 48m 48s· 8 players
Game mode
Random Map
Map size
Large (8 player)
Population
200
Speed
Normal
Resources
Standard
Victory
Conquest
Starting age
Dark Age
Ending age
Imperial Age
RankedLock teamsTeams togetherTeam positionsShared explorationLock speedFull tech treeHidden civsTurbo modeCheats
Victory
Defeat
🇧🇷 Italians · Brazil
1406
+12
🇧🇷 Khmer · Brazil
1379
+13
🇧🇷 Persians · Brazil
1304
+16
🇧🇷 Poles · Brazil
1116
+23
🇵🇪 Italians · Peru
1359
-18
🇦🇷 Danes · Argentina
1336
-17
🇺🇸 Bohemians · United States
1298
-16
🇨🇦 Koreans · Canada
1232
-13
Roswel
7:40 Loom
9:46 Feudal Age
11:08 Double-Bit Axe
11:45 Horse Collar
20:16 Castle Age
19:34 Gold Mining
20:39 Bloodlines
21:10 Bow Saw
21:06 Heavy Plow
26:05 Wheelbarrow
28:33 Imperial Age
26:06 Arson
26:23 Scale Mail Armor
26:34 Forging
27:13 Squires
27:33 Chain Mail Armor
27:42 Hand Cart
27:13 Town Watch
27:35 Pikeman
29:16 Halberdier
30:57 Gambesons
34:49 Conscription
33:51 Elite Jomsviking
36:03 Plate Mail Armor
36:08 Iron Casting
35:27 Hamask
41:26 Blast Furnace
bailey
10:55 Feudal Age
14:48 Castle Age
12:35 Double-Bit Axe
13:05 Horse Collar
16:03 Bow Saw
19:52 Heavy Plow
22:09 Wheelbarrow
23:27 Hand Cart
23:04 Loom
29:08 Imperial Age
26:36 Fletching
27:56 Chemistry
27:34 Fletching
27:19 Pikeman
27:59 Squires
28:00 Scale Mail Armor
29:22 Padded Archer Armor
29:18 Bodkin Arrow
29:19 Houfnice
29:41 Elite Skirmisher
31:13 Leather Archer Armor
31:14 Chain Mail Armor
31:00 Bracer
33:13 Caravan
33:33 Siege Engineers
34:35 Two-Man Saw
34:03 Wagenburg Tactics
34:30 Conscription
36:39 Ring Archer Armor
36:39 Plate Mail Armor
36:49 Halberdier
39:11 Plate Mail Armor
38:52 Forging
39:04 Ballistics
40:21 Iron Casting
42:21 Blast Furnace
kalioglu
7:30 Loom
10:18 Feudal Age
11:02 Double-Bit Axe
15:50 Fletching
18:47 Wheelbarrow
21:44 Castle Age
19:42 Horse Collar
20:55 Padded Archer Armor
20:46 Gold Mining
22:51 Bow Saw
22:37 Bodkin Arrow
22:12 Crossbowman
26:51 Heavy Plow
27:22 Stone Mining
30:03 Stone Shaft Mining
34:25 Imperial Age
32:27 Hand Cart
31:57 Town Watch
34:23 Ballistics
36:34 Chemistry
35:37 Bracer
35:52 Leather Archer Armor
36:47 Two-Man Saw
35:56 Thumb Ring
35:17 Elite Genoese Crossbowman
37:44 Conscription
38:22 Ring Archer Armor
38:25 Guilds
40:26 Silk Road
44:37 Town Patrol
Erwin
6:09 Loom
9:41 Feudal Age
14:12 Double-Bit Axe
17:40 Fletching
21:36 Castle Age
20:49 Horse Collar
22:08 Gold Mining
22:30 Bow Saw
25:04 Bodkin Arrow
26:16 Squires
26:02 Arson
27:36 Wheelbarrow
26:46 Town Watch
28:44 Scale Mail Armor
28:55 Forging
30:11 Chain Mail Armor
34:23 Iron Casting
35:31 Masonry
35:17 Murder Holes
35:02 Treadmill Crane
36:38 Ballistics
38:15 Eupseong
42:00 Imperial Age
39:46 Hand Cart
42:21 Elite Fire Lancer
45:25 Pikeman
46:54 Caravan
48:41 Plate Mail Armor
48:07 Halberdier
[RZ] Joãozinho
11:10 Feudal Age
14:57 Castle Age
12:49 Double-Bit Axe
12:45 Horse Collar
24:10 Wheelbarrow
23:22 Loom
26:26 Town Watch
27:25 Heavy Plow
29:08 Hand Cart
32:19 Imperial Age
30:07 Gold Mining
30:25 Stone Mining
31:50 Ballistics
31:26 Murder Holes
31:12 Treadmill Crane
31:51 Fletching
32:01 Padded Archer Armor
32:26 Thumb Ring
33:06 Bodkin Arrow
34:16 Chemistry
35:46 Conscription
35:37 Bracer
35:52 Leather Archer Armor
36:20 Stone Shaft Mining
38:19 Town Patrol
38:52 Ring Archer Armor
39:19 Crossbowman
39:20 Elite Skirmisher
40:11 Forging
40:07 Scale Barding Armor
41:31 Fortified Wall
42:43 Iron Casting
42:28 Chain Barding Armor
42:08 Scale Mail Armor
41:31 Man-at-Arms
41:32 Pikeman
42:13 Squires
43:54 Arson
45:33 Caravan
[RZ] Matheus
7:47 Loom
10:31 Feudal Age
16:45 Castle Age
15:02 Double-Bit Axe
15:02 Horse Collar
16:51 Scale Barding Armor
17:26 Wheelbarrow
23:20 Bow Saw
24:01 Heavy Plow
26:25 Hand Cart
26:59 Gold Mining
28:10 Bloodlines
28:01 Husbandry
28:05 Town Watch
29:16 Gold Shaft Mining
28:34 Stone Mining
30:56 Stone Shaft Mining
29:46 Light Cavalry
33:21 Imperial Age
30:52 Town Patrol
31:02 Caravan
31:43 Chain Barding Armor
31:33 Forging
31:14 Fletching
33:57 Iron Casting
33:07 Cavalier
33:10 Hussar
34:33 Plate Barding Armor
33:55 Bodkin Arrow
34:24 Ballistics
36:00 Blast Furnace
36:05 Chemistry
34:56 Savar
38:37 Conscription
38:56 Hoardings
37:42 Elite War Elephant
41:13 Two-Man Saw
42:20 Crop Rotation
46:34 Citadels
45:55 Sappers
[Rz] TK_puxa
9:47 Feudal Age
10:54 Loom
14:14 Castle Age
12:24 Horse Collar
13:00 Double-Bit Axe
13:52 Gold Mining
15:40 Bow Saw
15:40 Husbandry
22:33 Bloodlines
22:57 Heavy Plow
23:53 Wheelbarrow
24:17 Gold Shaft Mining
24:47 Scale Barding Armor
25:37 Forging
26:53 Chain Barding Armor
28:01 Stone Mining
31:01 Imperial Age
29:37 Stone Shaft Mining
30:31 Hand Cart
30:01 Town Watch
31:31 Cavalier
32:47 Iron Casting
32:18 Town Patrol
33:21 Plate Barding Armor
33:53 Crop Rotation
34:34 Blast Furnace
34:43 Caravan
35:04 Fletching
36:18 Conscription
36:33 Hoardings
37:18 Double Crossbow
37:54 Hoardings
37:04 Light Cavalry
38:29 Conscription
39:44 Chemistry
39:05 Ballistics
40:21 Bodkin Arrow
40:38 Elite Ballista Elephant
41:25 Bracer
42:31 Masonry
42:17 Murder Holes
42:19 Hussar
47:15 Tusk Swords
WOLF NIGHTBLOOD
7:02 Loom
10:21 Feudal Age
17:53 Forging
17:49 Scale Barding Armor
20:33 Wheelbarrow
22:57 Castle Age
22:19 Double-Bit Axe
24:14 Bow Saw
24:21 Husbandry
26:44 Wheelbarrow
30:03 Hand Cart
29:32 Horse Collar
32:06 Gold Mining
32:09 Stone Mining
38:12 Imperial Age
36:04 Chain Barding Armor
36:19 Iron Casting
35:54 Town Watch
38:13 Cavalier
40:02 Blast Furnace
40:11 Caravan
43:00 Town Patrol
43:08 Heavy Plow
44:23 Crop Rotation
43:49 Fletching
44:31 Ballistics
45:12 Chemistry
44:21 Murder Holes
44:08 Treadmill Crane
Connection lost

Rejoining the realm…

Still unreachable

The connection could not be restored.

Session expired

The server has moved on; the page needs a fresh start.